 Dungeon Crawl Stone Soup version 0.20-a0-513-g02c11fc (webtiles) character file.

533 ponk the Carver (level 7, -4/52 HPs)
             Began as a Human Chaos Knight on Jan 22, 2017.
             Slain by a crocodile (13 damage)
             ... in a sewer.
             The game lasted 00:10:44 (3351 turns).

ponk the Carver (Human Chaos Knight)                Turns: 3351, Time: 00:10:44

Health: -4/52      AC:  8    Str: 15    XL:     7   Next: 49%
Magic:  7/7        EV:  4    Int: 12    God:    Xom [......]
Gold:   203        SH:  8    Dex: 14    Spells: 6/6 levels left

rFire    . . .     SeeInvis .   a - +1 falchion (chaos)
rCold    . . .     Gourm    .   l - +0 chain mail
rNeg     . . .     Faith    .   i - +1 shield
rPois    .         Spirit   .   (no helmet)
rElec    .         Reflect  .   (no cloak)
rCorr    .         Harm     .   (no gloves)
MR       .....                  (no boots)
Stlth    ..........             (no amulet)
Regen    0.2/turn               e - +2 ring of strength
                                f - +1 ring of evasion

@: no status effects
A: no striking features
a: Renounce Religion


You were in a sewer.
You worshipped Xom.
You were a very special plaything of Xom.
You were not hungry.

You visited 1 branch of the dungeon, and saw 4 of its levels.
You also visited: Sewer.

You collected 203 gold pieces.

Inventory:

Hand Weapons
 a - a +1 falchion of chaos (weapon)
Armour
 i - a +1 shield (worn)
 l - a +0 chain mail (worn)
Jewellery
 e - a +2 ring of strength (right hand)
 f - a +1 ring of evasion (left hand)
 p - a +1 ring of protection
Potions
 h - a potion of berserk rage
 j - a potion of lignification {unknown}
 k - 4 potions of curing
 m - a potion of degeneration {unknown}
 q - a potion of flight {unknown}
Comestibles
 b - a fruit
 c - 4 bread rations
 d - a chunk of flesh
 g - 4 meat rations


   Skills:
 - Level 3.1 Fighting
 + Level 8.0 Long Blades
 - Level 2.0 Armour
 - Level 1.0 Dodging


You had 6 spell levels left.
You didn't know any spells.

Dungeon Overview and Level Annotations

Branches:
Dungeon (4/15)
 Temple: D:4-7

Altars:
Qazlal

Shops:
D:4 ([(


Message History

You hit the crocodile.
The crocodile flickers and vanishes!
Deactivating autopickup; reactivate with Ctrl-A.
Something bites you!
A shower of butterflies erupts from you!
You are too injured to fight recklessly!
You are too injured to fight recklessly!
You miss something. You block something's attack.
You miss something. Something bites you but does no damage.
You hit something. You burn something. Something bites you but does no damage.
You miss something. Something bites you but does no damage.
You miss something. Something bites you but does no damage.
Your shield and chain mail prevent you from hitting something.
Something bites you!
You slash something! Something bites you!
* * * LOW HITPOINT WARNING * * *
Your shield and chain mail prevent you from hitting something.
You block something's attack.
You hit something. You burn something. You block something's attack.
You closely miss something. Something bites you!
You die...

##...## ##.## #.#
#.# #.# ###### #.#
#....b# #.# ......$
#######.####.....$%
..........b@{.b.b%(
############..b..$$
......$ #.....#
######


There were no monsters in sight!

Vanquished Creatures
  The ghost of Klosterheim the Chopper, an amateur DrWr (D:4)
  A scorpion (D:4)
  3 orc priests (D:4)
  3 orc wizards (D:4)
  A worker ant (D:4)
  A killer bee zombie (D:3)
  An adder (shapeshifter) (Sewer)
  9 adders
  2 oozes
  A worm (D:2)
  A dart slug (D:1)
  10 orcs
  9 giant cockroaches
  6 goblins
  7 hobgoblins
  2 jackals (D:3)
  3 kobolds
  2 quokkas
  15 bats
  A frilled lizard (D:2)
  3 rats (D:1)
82 creatures vanquished.

Vanquished Creatures (collateral kills)
  2 orcs (D:4)
2 creatures vanquished.

Grand Total: 84 creatures vanquished

Notes
Turn   | Place    | Note
-------+----------+-------------------------------------------
     0 | D:1      | ponk the Human Chaos Knight began the quest for the Orb.
     0 | D:1      | Reached XP level 1. HP: 18/18 MP: 1/1
    62 | D:1      | Reached XP level 2. HP: 17/24 MP: 2/2
   127 | D:1      | XOM: divination: detect creatures
   140 | D:1      | XOM: silly message
   318 | D:1      | XOM: mild Divn miscast
   348 | D:1      | XOM: smoke on damage
   395 | D:1      | XOM: harmless Pois miscast
   549 | D:1      | Reached XP level 3. HP: 18/29 MP: 3/3
   690 | D:1      | Reached skill level 4 in Long Blades
  1047 | D:2      | Found a stormy altar of Qazlal.
  1049 | D:2      | Noticed an earth elemental
  1053 | D:2      | Noticed a water elemental
  1056 | D:2      | Noticed a fire elemental
  1056 | D:2      | Noticed an air elemental
  1078 | D:2      | Reached XP level 4. HP: 27/35 MP: 4/4
  1219 | D:2      | XOM: smoke on damage
  1698 | D:2      | XOM: mild Summ miscast
  1789 | D:3      | Reached skill level 5 in Long Blades
  1850 | D:3      | Reached XP level 5. HP: 23/41 MP: 5/5
  1936 | D:3      | XOM: confusion (+ monsters)
  2055 | D:3      | XOM: cloud trail
  2532 | D:4      | Found Foqeohud's Weapon Shop.
  2546 | D:4      | Reached skill level 6 in Long Blades
  2546 | D:4      | Reached XP level 6. HP: 31/47 MP: 6/6
  2596 | D:4      | XOM: divination: detect items
  2710 | D:4      | Found Rygrud's Armour Shoppe.
  2958 | D:4      | Reached skill level 7 in Long Blades
  3011 | D:4      | Reached XP level 7. HP: 32/52 MP: 7/7
  3025 | D:4      | Found Wured's Weapon Boutique.
  3053 | D:4      | XOM: mild Summ miscast
  3077 | D:4      | Found a glowing drain.
  3090 | D:4      | XOM: noise
  3093 | D:4      | Noticed Klosterheim's ghost (amateur DrWr)
  3109 | D:4      | Killed Klosterheim's ghost
  3118 | Sewer    | Entered a sewer
  3132 | Sewer    | Reached skill level 8 in Long Blades
  3341 | Sewer    | XOM: butterfly on damage
  3351 | Sewer    | Slain by a crocodile

Vault maps used:
D:1:      noname_arrival_rooms_in_the_neighbourhood
D:2:      first_bread, st_stairs_13, nicolae_qazlal_style_of_elements
D:4:      serial_shops, shop, shop_statue, shop, shop, kennysheep_mini,
          gup_sewer_entry_glass, minmay_tree_intersection, cheibrodos_gnoll_hut
Sewer:    sewer_big_baddie

Skill      XL: |  1  2  3  4  5  6  7 |
---------------+----------------------+-----
Long Blades    | 4 5 6 7 8 |  8.0
Fighting       | |  3.1
Armour         | |  2.0
Dodging        | |  1.0

Action                   |  1- 3 |  4- 6 |  7- 9 || total
-------------------------+-------+-------+-------++-------
Melee: Falchion          |    72 |   163 |    59 ||   294
  Use: Scroll            |     3 |     6 |       ||     9
 Stab: Paralysed         |     2 |     3 |       ||     5
       Sleeping          |     1 |       |       ||     1
       Confused          |       |     1 |       ||     1
       Distracted        |       |       |     1 ||     1
  Eat: Chunk             |     1 |     6 |     1 ||     8
Armor: Leather armour    |    33 |     3 |       ||    36
       Scale mail        |       |    41 |       ||    41
       Chain mail        |       |    29 |    59 ||    88
Dodge: Dodged            |    51 |    46 |    19 ||   116
Block: Shield            |       |    44 |    44 ||    88
       Rpst.: Falchion   |    20 |    22 |     7 ||    49
